 Dungeon Crawl Stone Soup version 0.31-a0-102-g33a4ccc0cb (webtiles) character file.

Game seed: 8165509677397345781

3 ragingrage the Sneak (level 1, -2/21 HPs)
             Began as a Naga Delver on May 26, 2023.
             Slain by an orc
             ... wielding a +0 whip
              (4 damage)
             ... on level 4 of the Dungeon.
             The game lasted 00:00:23 (114 turns).

ragingrage the Sneak (Naga Delver)                   Turns: 114, Time: 00:00:23

Health: -2/21      AC:  1    Str: 14    XL:     1   Next: 50%
Magic:  1/1        EV:  9    Int: 10    God:
Gold:   14         SH:  0    Dex: 12    Spells: 0/0 levels left

rFire   . . .        a - +0 short sword
rCold   . . .        (no shield)
rNeg    . . .        b - +0 leather armour
rPois   +            (no helmet)
rElec   .            (no cloak)
rCorr   .            (no gloves)
SInv    +            (no barding)
Will    .....        (no amulet)
Stlth   +++          (no ring)
HPRegen 0.23/turn    (no ring)
MPRegen 0.07/turn

%: no passive effects
@: very slow
A: AC +0, large, see invisible, deformed body, poison resistance, slowness 2,
spit poison 1, naga tail 1
a: Spit Poison


You were on level 4 of the Dungeon.
You visited 1 branch of the dungeon, and saw 2 of its levels.

You collected 14 gold pieces.

Inventory:

Hand Weapons
 a - a +0 short sword (weapon)
Armour
 b - a +0 leather armour (worn)
Wands
 g - a wand of digging (3)
Scrolls
 c - 3 scrolls of fog
 d - a scroll of magic mapping
Potions
 f - a potion of haste


   Skills:
 - Level 3.0 Fighting
 + Level 2.2 Short Blades
 - Level 1.6 Dodging
 - Level 7.2 Stealth


You couldn't memorise any spells.
You didn't know any spells.
Your spell library was empty.

Dungeon Overview and Level Annotations

Branches:
Dungeon (5/15)
 Temple: D:4-7

Altars:

Annotations:
D:4 3 runed translucent doors, Edyrem's ghost, amateur HOMo


Innate Abilities, Weirdness & Mutations

Your serpentine skin is tough. (AC +0)
You have supernaturally acute eyesight. (SInv)
Armour fits poorly on your strangely shaped body.
Your system is resistant to poisons. (rPois)
You cover ground very slowly.
You can spit poison.
You have a snake-like lower body.


Message History

As you read the scroll of fear, it crumbles to dust.
You assume a fearsome visage.
The gnoll sergeant looks frightened!
The gnoll looks frightened! x2
A gnoll comes into view. It is wielding a +0 spear.
There is a stone staircase leading up here.
You climb upwards.
There is a stone staircase leading down here.
The helpless hobgoblin fails to defend itself.
You impale the hobgoblin!!
You kill the hobgoblin!
The kobold shouts!
Edyrem's ghost turns its malevolent gaze towards you.
You hear a shout!
You now have 14 gold pieces.
There are no items here.
An orc comes into view. It is wielding a +0 club.
An orc comes into view. It is wielding a +0 whip.
Aiming: Spit Poison (3% risk of failure)
Aim: an orc, wielding a +0 club (asleep, 100% to hit)
The splash of poison hits the orc!
The orc is poisoned.
You kill the orc!
You have got your breath back.
Aiming: Spit Poison (3% risk of failure)
Aim: an orc, wielding a +0 whip and wearing a +0 scale mail (59% to hit)
The splash of poison misses the orc.
You completely miss the orc. The orc hits you with a +0 whip.
The endoplasm quivers.
You hit the orc but do no damage. The orc misses you.
You closely miss the orc. The orc hits you with a +0 whip.
You closely miss the orc.
You have got your breath back.
The orc closely misses you.
You completely miss the orc. The orc hits you with a +0 whip.
You hit the orc. The orc hits you with a +0 whip.
* * * LOW HITPOINT WARNING * * *
You hit the orc but do no damage. The orc hits you with a +0 whip.
* * * LOW HITPOINT WARNING * * *
You hit the orc but do no damage. You hit the orc but do no damage.
The orc hits you with a +0 whip.
You die...

............##.#
.#########...#.#
#.......#.....#
#...[)..#...###
.#.......#..##
.#.......#..#
.#......J#..#
.#.....Kw#..#
.....KW#.@#
##+++###o.#
..........#
....).....#
.......)###
....##### ... ..
.


You could see an orc and an endoplasm.

Vanquished Creatures
  An orc (D:4)
  A hobgoblin (D:4)
2 creatures vanquished.

Notes
Turn   | Place    | Note
-------+----------+-------------------------------------------
     0 | D:5      | ragingrage the Naga Delver began the quest for the Orb.
     0 | D:5      | Reached XP level 1. HP: 21/21 MP: 1/1
    34 | D:5      | Noticed a gnoll sergeant
    77 | D:4      | Noticed Edyrem's ghost (amateur HOMo)
    85 | D:4      | Found a runed translucent gate.
    85 | D:4      | Found a runed translucent gate.
    87 | D:4      | Found a runed translucent gate.
   112 | D:4      | HP: 1/21 [orc/+0 whip (5)]
   114 | D:4      | Slain by an orc

Illustrated notes

Levels and vault maps discovered:
D:4:      layout_basic, minmay_temple_entry_sparse_star, gammafunk_ghost_split,
          amcnicky_mini_pool_small, roderic_batcave, uniq_pikel
D:5:      gammafunk_cloud_chamber, layout_layer_cave, serial_shops,
          kennysheep_little_box, minmay_misc_feat_doors,
          nicolae_nh_oracle_at_delphi

Action                     || total
---------------------------++-------
  Melee: Short sword       ||    10
Ability: Spit Poison       ||     2
    Use: Scroll            ||     1
   Stab: Sleeping          ||     1
  Dodge: Dodged            ||     2

Table legend: (Time is in decaauts)
 A = Elapsed time spent in this place.
 B = Non-inter-level travel time spent in this place.
 C = Inter-level travel time spent in this place.
 D = Time resting spent in this place.
 E = Time spent auto-exploring this place.
 F = Levels seen in this place.
 G = Mean time per level.
                   A        B        C        D        E       F      G
               +--------+--------+--------+--------+--------+-----+--------+
         Total |    152 |    152 |      0 |      0 |     43 |   2 |   76.0 |
       Dungeon |    152 |    152 |      0 |      0 |     43 |   2 |   76.0 |
               +--------+--------+--------+--------+--------+-----+--------+

Top non-repeatable levels by time:
     D:4: 91 daAuts
     D:5: 60 daAuts
